 Dungeon Crawl Stone Soup version 0.24.1 (webtiles) character file.

Game seed: 4284590778757880183, levelgen mode: deterministic

12 Descartes the Slasher (level 2, 29/29 HPs)
             Began as a Gnoll Chaos Knight on Mar 28, 2020.
             Was a Plaything of Xom.
             Got out of the dungeon alive.
             The game lasted 00:01:03 (186 turns).

Descartes the Slasher (Gnoll Chaos Knight)           Turns: 186, Time: 00:01:03

Health: 29/29      AC:  5    Str: 14    XL:     2   Next: 33%
Magic:  2/2        EV: 12    Int: 14    God:    Xom [..*...]
Gold:   10         SH:  0    Dex: 14    Spells: 1/1 levels left

rFire    . . .     SeeInvis .   a - +0 falchion (chaos)
rCold    . . .     Gourm    .   (no shield)
rNeg     . . .     Faith    .   b - +2 leather armour
rPois    .         Spirit   .   (no helmet)
rElec    .         Reflect  .   (no cloak)
rCorr    .         Harm     .   (no gloves)
MR       .....                  (no boots)
Stlth    +.........             (no amulet)
HPRegen  0.09/turn              (no ring)
MPRegen  0.08/turn              (no ring)

@: no status effects
A: distributed training, fangs 1, strong nose
a: Renounce Religion


You escaped.
You worshipped Xom.
You were a toy of Xom.
You were not hungry.

You visited 1 branch of the dungeon, and saw 1 of its levels.

You collected 10 gold pieces.

Inventory:

Hand Weapons
 a - a +0 falchion of chaos (weapon)
Armour
 b - a +2 leather armour (worn)
Scrolls
 e - a scroll of magic mapping {unknown}
Comestibles
 c - a ration
 d - 6 chunks of flesh


   Skills:
 + Level 6.4 Fighting
 + Level 0.3 Short Blades
 + Level 6.4 Long Blades
 + Level 0.3 Axes
 + Level 0.3 Maces & Flails
 + Level 0.3 Polearms
 + Level 0.3 Staves
 + Level 0.3 Slings
 + Level 0.3 Bows
 + Level 0.3 Crossbows
 + Level 0.3 Throwing
 + Level 4.4 Armour
 + Level 2.4 Dodging
 + Level 0.3 Stealth
 + Level 0.3 Shields
 + Level 0.3 Unarmed Combat
 + Level 0.3 Spellcasting
 + Level 0.2 Conjurations
 + Level 0.2 Hexes
 + Level 0.2 Charms
 + Level 0.2 Summonings
 + Level 0.2 Necromancy
 + Level 0.2 Translocations
 + Level 0.2 Transmutations
 + Level 0.2 Fire Magic
 + Level 0.2 Ice Magic
 + Level 0.2 Air Magic
 + Level 0.2 Earth Magic
 + Level 0.2 Poison Magic
 + Level 0.4 Invocations
 + Level 0.3 Evocations


You had one spell level left.
You didn't know any spells.
Your spell library was empty.

Dungeon Overview and Level Annotations

Branches:
Dungeon (1/15)

Altars:


Innate Abilities, Weirdness & Mutations

Your experience applies equally to all skills.
You have very sharp teeth.
Your uncanny sense of smell can sniff out nearby items.


Message History

d - 2 chunks of flesh (gained 1)
You see here a frilled lizard skeleton.
You see here a jackal corpse.
You butcher the jackal corpse.
d - 5 chunks of flesh (gained 3)
You see here a jackal skeleton.
You see here a frilled lizard skeleton.
Things that are here:
a jackal corpse; a giant cockroach corpse; a jackal corpse Butcher a jackal corpse? [(y)es/(n)o/(a)ll/(q)uit/?]
Butcher a giant cockroach corpse? [(y)es/(n)o/(a)ll/(q)uit/?]
Butcher a jackal corpse? [(y)es/(n)o/(a)ll/(q)uit/?]
You butcher the jackal corpse.
d - 6 chunks of flesh (gained 1)
Things that are here:
a jackal corpse; a giant cockroach corpse; a jackal skeleton You see here a rat corpse.
There is a staircase leading out of the dungeon here.
Are you sure you want to leave the Dungeon?
This will make you lose the game!
You have escaped!

#8# #.# #... #.# #.#
#... ###.### #.###...
###.....### #.#.....
#.........# #.#.....
##.........## #.#....#
#...........# #.#....#
##...........####.......
.......@.......8#.####..
##...........####. #†.
#...........# . #..
##.........## #..
#.........# #..
###.....### ###.####..
#.....# ..........
##.....## ####.###.#
#8.....8# ...#...


There were no monsters in sight!

Vanquished Creatures
  3 bats (D:1)
  A giant cockroach (D:1)
  4 jackals (D:1)
  A frilled lizard (D:1)
  2 rats (D:1)
11 creatures vanquished.

Notes
Turn   | Place    | Note
-------+----------+-------------------------------------------
     0 | D:1      | Descartes the Gnoll Chaos Knight began the quest for the
                  | Orb.
     0 | D:1      | Reached XP level 1. HP: 23/23 MP: 1/1
    91 | D:1      | XOM: harmless Tmut miscast
   104 | D:1      | Reached XP level 2. HP: 29/29 MP: 2/2
   186 | D:$      | Got out of the dungeon alive.

Levels and vault maps discovered:
D:1:      psy_arrival_heroes, layout_basic, minmay_pentomino_z2

Action                   || total
-------------------------++-------
Melee: Falchion          ||    17
       Bite              ||     1
Armor: Leather armour    ||     9
Dodge: Dodged            ||    15
       Rpst.: Falchion   ||     3
